Map: Deathaura LE

Players

BlyOnFire (Bly)

  • Race: Zerg Zerg
  • Spawn Location: 11:00

Ziggy - Winner!

  • Race: Terran Terran
  • Spawn Location: 5:00

Event: DreamHack SC2 Masters 2020 Winter

VOD

Have the link to the VOD?

Description

Time

  • Played on: Oct. 29, 2020, 11:48 a.m.
  • Length: 15:05

All games in this series

Show
View Real Time Build Order
Export as new Build Order

BlyOnFire Zerg 

Build Orders: Hatch First 

Get SALT Encoding   

  12  0:00  Drone  
  13  0:14  Overlord  
  13  0:18  Drone  
  14  0:33  Drone x2  
  16  0:49  Hatchery  
  15  0:53  Drone  
  16  0:59  Drone  
  16  1:01  Drone  
  18  1:13  Extractor  
  18  1:18  Spawning Pool  
  16  1:20  Drone  
  18  1:25  Drone  
  18  1:36  Drone  
  19  1:40  Drone  
  20  1:51  Overlord  
  20  2:04  Queen  
  20  2:05  Zergling x4, Queen  
  26  2:13  Drone x2  
  28  2:18  Metabolic Boost  
  28  2:22  Drone  
  29  2:37  Overlord  
  29  2:40  Queen x2  
  33  2:46  Overlord  
  33  2:52  Zergling x6  
  36  3:02  Drone  
  37  3:12  Zergling x4  
  39  3:21  Zergling x2  
  39  3:22  Zergling x10  
  42  3:35  Zergling x6  
  44  3:47  Zergling x4  
  44  3:48  Queen x2  
  48  3:57  Drone x2  
  50  4:05  Drone x2  
  50  4:08  Overlord x2  
  52  4:22  Overlord  
  52  4:29  Overlord, Drone  
  53  4:32  Drone x2  
  55  4:39  Hatchery  
  53  4:48  Zergling x16  
  61  5:06  Overlord  
  60  5:07  Overlord  
  60  5:14  Zergling x14  
  64  5:20  Drone  
  66  5:24  Drone  
  66  5:25  Evolution Chamber x2  
  65  5:38  Drone x3  
  65  5:41  Drone x3  
  71  5:52  Zerg Ground Armor Level 1  
  71  5:53  Zerg Melee Weapons Level 1  
  71  5:54  Drone x2  
  73  5:59  Drone x2  
  73  6:03  Drone x4  
  79  6:12  Extractor  
  73  6:30  Drone x14  
  73  6:32  Lair  
  86  6:42  Drone x5  
  90  6:51  Hatchery  
  89  6:54  Drone  
  89  6:58  Baneling Nest  
  85  7:10  Zergling x8  
  85  7:12  Overlord x2  
  89  7:19  Overlord x3  
  89  7:20  Overlord, Extractor  
  89  7:21  Extractor  
  83  7:24  Hatchery  
  83  7:27  Overlord  
  79  7:31  Zergling x24  
  85  7:47  Zergling x8  
  84  7:52  Zerg Ground Armor Level 2, Zerg Melee Weapons Level 2  
  84  7:55  Baneling  
  84  7:58  Drone x11  
  94  8:09  Zergling x8  
  94  8:11  Baneling x4  
  98  8:14  Zergling x4  
  98  8:16  Hatchery  
  99  8:26  Zergling x16  
  101  8:33  Zergling x6  
  100  8:35  Centrifical Hooks  
  100  8:37  Extractor  
  100  8:38  Extractor  
  100  8:39  Baneling x6  
  100  8:40  Zergling x6  
  100  8:41  Queen x2  
  97  8:48  Zergling x4  
  101  8:59  Zergling x12  
  106  9:06  Zergling x6  
  106  9:09  Hatchery  
  108  9:10  Zergling x2  
  108  9:15  Overlord x3  
  108  9:16  Zergling x6  
  110  9:24  Baneling  
  110  9:25  Baneling x16  
  110  9:26  Zergling x6  
  106  9:39  Zergling x6  
  107  9:47  Zergling x6  
  103  10:00  Hatchery  
  103  10:01  Hatchery  
  94  10:10  Zergling x20  
  94  10:24  Zergling x6  
  94  10:25  Zergling x2  
  91  10:32  Zergling x2  
  91  10:33  Zergling x4  
  95  10:43  Spire  
  95  10:45  Baneling  
  95  10:46  Baneling x6  
  95  10:47  Zergling x12  
  100  10:51  Zergling x2  
  100  10:55  Zergling x4  
  100  10:57  Baneling x13  
  100  11:06  Zergling x8  
  93  11:19  Zergling x18  
  97  11:27  Zergling x8  
  97  11:36  Zergling x8  
  100  11:45  Baneling x2  
  100  11:46  Baneling x2  
  79  11:56  Drone x4  
  79  11:57  Drone x5  
  88  12:05  Extractor  
  87  12:21  Zergling x12  
  87  12:22  Zergling x8  
  92  12:39  Zergling x14  
  92  12:41  Baneling x6  
  89  12:50  Zergling x2  
  89  12:51  Zergling x16  
  84  13:10  Hatchery  
  83  13:22  Hatchery  
  81  13:28  Burrow  
  81  13:37  Mutalisk  
  81  13:38  Mutalisk x3  
  89  13:42  Mutalisk  
  87  13:57  Mutalisk x2  
  91  14:06  Mutalisk  
  93  14:11  Mutalisk  
  95  14:20  Baneling x7  
  95  14:21  Queen x3  
  95  14:43  Baneling x10  
  95  14:44  Baneling  
  88  14:47  Overlord  
  77  14:54  Hatchery  
Show
View Real Time Build Order
Export as new Build Order

Ziggy Terran - Winner!

Build Orders:  

Get SALT Encoding   

  12  0:00  SCV  
  13  0:12  SCV  
  14  0:17  Supply Depot  
  14  0:24  SCV  
  15  0:39  SCV  
  15  0:40  Barracks  
  16  0:44  Refinery  
  16  0:51  SCV  
  17  0:58  Barracks  
  17  1:03  SCV  
  18  1:15  SCV  
  19  1:27  Reaper, Orbital Command  
  20  1:35  Barracks  
  20  1:41  Refinery  
  20  1:45  Reaper  
  21  1:52  Supply Depot  
  21  1:55  SCV  
  22  2:04  Reaper  
  23  2:13  SCV  
  24  2:17  Reaper  
  25  2:24  Reaper  
  26  2:36  Reaper  
  27  2:39  Command Center  
  27  2:46  Supply Depot  
  27  2:49  SCV, Reaper  
  29  2:57  Reaper  
  30  3:01  SCV  
  31  3:08  Reaper  
  32  3:13  SCV  
  33  3:21  Reaper  
  33  3:25  SCV  
  35  3:29  Reaper  
  36  3:40  Reaper  
  37  3:45  SCV  
  37  3:48  Command Center  
  36  3:53  Reaper  
  37  3:57  SCV  
  37  3:58  Orbital Command  
  37  4:01  Reaper  
  39  4:08  Factory  
  39  4:09  SCV, Refinery  
  40  4:18  Marine  
  40  4:21  SCV  
  42  4:24  SCV  
  42  4:25  Marine  
  44  4:33  SCV, Marine  
  44  4:36  SCV, Marine  
  48  4:43  Marine  
  50  4:45  SCV  
  50  4:48  SCV  
  51  4:53  Factory Tech Lab  
  51  4:57  SCV  
  51  4:58  Supply Depot  
  52  5:00  SCV  
  52  5:02  Orbital Command  
  53  5:09  SCV, Marine  
  53  5:10  Marine  
  53  5:13  SCV, Barracks Tech Lab  
  57  5:18  Siege Tank  
  60  5:23  SCV  
  60  5:25  SCV  
  62  5:29  Barracks Reactor  
  62  5:33  SCV  
  62  5:34  Barracks Reactor  
  63  5:36  Stimpack  
  63  5:41  Engineering Bay  
  63  5:42  SCV  
  64  5:44  SCV  
  64  5:46  Engineering Bay  
  64  5:49  SCV  
  66  5:53  Siege Tank  
  66  5:54  SCV  
  70  5:59  Marine  
  70  6:01  SCV  
  70  6:03  Starport  
  72  6:05  Supply Depot x2  
  72  6:07  Marine x2  
  72  6:11  SCV, Marine x2  
  75  6:16  Terran Infantry Weapons Level 1, Terran Infantry Armor Level 1  
  77  6:24  Marine  
  77  6:26  SCV, Marine x2  
  77  6:27  Orbital Command  
  77  6:28  Siege Tank  
  77  6:32  Supply Depot x2  
  83  6:37  Marine x2  
  85  6:42  Marine  
  85  6:44  Marine  
  85  6:45  SCV x2  
  85  6:46  Starport Reactor  
  89  6:51  Barracks x2  
  89  6:54  Marine  
  89  6:55  Marine x2  
  89  6:57  SCV  
  89  6:58  Armory  
  89  7:00  Marine  
  94  7:01  Refinery  
  94  7:02  Marine  
  94  7:04  Factory  
  95  7:11  SCV  
  95  7:15  Marine x2  
  95  7:17  Marine  
  95  7:18  Marine  
  95  7:22  Siege Tank  
  102  7:23  Medivac  
  102  7:24  SCV  
  102  7:28  SCV  
  106  7:30  Marine  
  106  7:33  Supply Depot, Marine x2  
  106  7:34  Supply Depot x2  
  109  7:41  Marine  
  109  7:46  Marine  
  109  7:47  Marine  
  109  7:48  Barracks Reactor x2, Medivac  
  109  7:52  Refinery x2, Factory Tech Lab  
  109  7:55  SCV x3, Medivac, Marine  
  109  7:57  Marine  
  116  7:59  Marine  
  116  8:04  Marine  
  116  8:05  Marine  
  118  8:07  SCV x2  
  121  8:13  Marine  
  121  8:15  Combat Shield, Marine  
  121  8:18  SCV  
  121  8:19  SCV  
  125  8:22  Medivac  
  125  8:25  Medivac  
  124  8:27  SCV  
  124  8:29  Marine x3  
  124  8:30  SCV  
  122  8:34  SCV  
  122  8:39  SCV, Marine x3  
  122  8:40  Marine x3  
  130  8:42  SCV  
  130  8:48  Marine x2  
  133  8:57  Marine  
  133  8:58  Marine  
  133  9:02  Supply Depot x3  
  133  9:04  Terran Infantry Armor Level 2, Terran Infantry Weapons Level 2  
  133  9:18  Marine  
  133  9:23  Marine x6  
  133  9:24  SCV, Marine x2  
  141  9:25  SCV x2  
  143  9:32  Command Center  
  143  9:35  Siege Tank  
  143  9:36  Marine  
  145  9:41  Marine x4  
  149  9:57  Marine x4  
  149  9:59  Marine  
  134  10:00  Marine x4  
  134  10:03  SCV x2  
  110  10:09  SCV  
  106  10:14  Marine x4  
  106  10:15  SCV x2, Siege Tank x2  
  106  10:17  Marine x3  
  106  10:18  Marine x2  
  123  10:21  SCV  
  123  10:27  SCV  
  125  10:31  SCV  
  125  10:32  Marine x4  
  125  10:35  Marine x3  
  130  10:40  Barracks  
  130  10:41  Barracks  
  133  10:43  Medivac x2, Marine  
  133  10:46  SCV x2  
  140  10:52  Marine x2  
  140  10:54  Siege Tank  
  140  10:55  SCV  
  146  10:58  SCV  
  147  11:08  Planetary Fortress  
  147  11:09  Supply Depot  
  147  11:10  Supply Depot  
  147  11:14  Siege Tank  
  147  11:16  Marine x2  
  131  11:24  Marine x6  
  133  11:26  Liberator  
  133  11:27  Marine  
  133  11:29  SCV x2  
  133  11:31  SCV  
  132  11:34  Marine  
  132  11:38  Marine  
  134  11:41  SCV x2  
  134  11:42  Marine  
  134  11:44  Marine  
  129  11:54  SCV x2  
  129  11:56  Marine x5  
  129  11:57  Siege Tank x2  
  137  12:02  Marine x3  
  137  12:03  Marine  
  137  12:07  Barracks Tech Lab  
  141  12:14  Marine  
  142  12:16  Marine x3  
  142  12:18  Marine x2  
  142  12:20  Marine  
  142  12:22  Marine x2  
  150  12:29  Siege Tank x2  
  156  12:30  Marine x2  
  156  12:34  Marine  
  156  12:35  SCV x2, Marine x2  
  155  12:40  Marine x4  
  155  12:41  Barracks Tech Lab  
  155  12:42  SCV  
  155  12:43  Liberator  
  152  12:49  Marine x3  
  152  12:51  SCV x2  
  154  12:52  Marine x2  
  154  12:56  Marine  
  154  12:58  Marine x3  
  149  13:01  Siege Tank x2  
  149  13:02  SCV x2  
  149  13:05  Marine x2  
  160  13:08  Marine x3  
  160  13:10  Marine  
  166  13:18  Marine x2  
  162  13:25  Marine x3  
  162  13:26  Marine x2  
  172  13:38  Marine x3, Siege Tank  
  172  13:40  Sensor Tower  
  172  13:41  Command Center  
  178  13:43  Marine x4  
  178  13:44  Marine  
  169  13:56  Marine x5  
  169  14:00  Siege Tank  
  177  14:07  Refinery, Starport  
  177  14:08  Factory, Starport  
  177  14:09  Marine x5  
  182  14:10  Siege Tank  
  182  14:14  Marine x3  
  188  14:23  Missile Turret  
  188  14:25  Missile Turret x2  
  188  14:27  Missile Turret  
  188  14:29  Marine x3  
  188  14:30  Missile Turret  
  188  14:38  Marine x3  
  196  14:54  Starport Reactor x2  
Tags
 
Add a new tag
Caveats
  • Supply blocks, unpowered buildings, or Contaminate may cause inaccurate times.
  • Supply counts are checked every 10 seconds.